 Dungeon Crawl Stone Soup version 0.18.1-50-g88ac8fd (webtiles) character file.

56044 Lovchig the Peltast (level 14, -17/130 HPs)
             Began as a Deep Dwarf Fighter on Sept 28, 2016.
             Was the Champion of the Shining One.
             Demolished by a frost giant (illusionary)
             ... wielding a +2 battleaxe of freezing
              (31 damage)
             ... on level 2 of the Depths on Sept 29, 2016.
             The game lasted 01:10:51 (13661 turns).

Lovchig the Peltast (Deep Dwarf Fighter)           Turns: 13661, Time: 01:10:52

Health: -17/130    AC: 26    Str: 23    XL:     14   Next: 40%
Magic:  18/18      EV: 15    Int: 11    God:    the Shining One [******]
Gold:   1422       SH: 23    Dex: 21    Spells: 0 memorised, 13 levels left

rFire  + . .     SeeInvis .     a - +0 war axe (elec)
rCold  + . .     Gourm    .     J - +4 plate armour {rF+}
rNeg   + + +     Faith    .     i - +0 large shield of the Armoured One {rC- Str+2 Dex+3}
rPois  +         Spirit   .     (no helmet)
rElec  +         Dismiss  .     o - +2 cloak
rCorr  .         Reflect  .     j - +2 pair of fencer's gloves {LBl+4 SBl+4 EV+3 Dex+6}
SustAt .         Harm     .     T - +2 pair of boots of Qeforrex {rC++ MR+ Str-5 Stlth+}
MR     ++++.     Clarity  +     (no amulet)
Stlth  ..........               u - ring "Hoozism" {rElec rF- rN+++ MP+9 Stlth+}
                                Q - ring of magical power

@: mighty, non-regenerating, glowing, incredibly resistant to hostile
enchantments, extremely unstealthy
A: damage resistance, recharge devices, large bone plates 1, clarity, clever 1,
deformed body, fire resistance 1, high mp 1, magic resistance 1, negative energy
resistance 1, sense surroundings 2, poison resistance, slow regeneration 3, weak
2
a: Device Recharging, Divine Shield, Cleansing Flame, Summon Divine Warrior,
Brand Weapon With Holy Wrath, Renounce Religion


You were on level 2 of the Depths.
You worshipped the Shining One.
The Shining One was exalted by your worship.
You were very full.

You visited 3 branches of the dungeon, and saw 18 of its levels.
You visited the Abyss 1 time.
You visited 1 bazaar.
You also visited: Bailey.

You collected 2109 gold pieces.
You spent 687 gold pieces at shops.

Inventory:

Hand Weapons
 a - a +0 war axe of electrocution (weapon)
 O - a +4 scimitar of flaming
Armour
 i - the +0 large shield of the Armoured One (worn) {rC- Str+2 Dex+3}
   (You bought it in a shop on level 7 of the Dungeon)

   It affects your strength (+2).
   It affects your dexterity (+3).
   It makes you vulnerable to cold.
 j - the +2 pair of fencer's gloves (worn) {LBl+4 SBl+4 EV+3 Dex+6}
   (You found it on level 5 of the Dungeon)

   It affects your evasion (+3).
   It affects your dexterity (+6).
 o - a +2 cloak (worn)
 J - a +4 plate armour of fire resistance (worn)
 T - the +2 pair of boots of Qeforrex (worn) {rC++ MR+ Str-5 Stlth+}
   (You found it on level 15 of the Dungeon)

   It affects your strength (-5).
   It greatly protects you from cold.
   It affects your resistance to hostile enchantments.
   It makes you more stealthy.
Jewellery
 u - the ring "Hoozism" (right hand) {rElec rF- rN+++ MP+9 Stlth+}
   (You found it on level 5 of the Dungeon)

   [ring of stealth]

   It makes you vulnerable to fire.
   It insulates you from electricity.
   It renders you almost immune to negative energy.
   It affects your magic capacity (+9).
   It makes you more stealthy.
 I - the amulet "Eshuesir" {Gourm Stlth+}
   (You bought it in a shop on level 10 of the Dungeon)

   [amulet of the gourmand]

   It allows you to eat raw meat even when not hungry.
   It makes you more stealthy.
 Q - a ring of magical power (left hand)
Wands
 e - a wand of heal wounds (0/9)
 D - a wand of paralysis (4/24)
 F - a wand of flame (33/48)
 H - a wand of flame (6/48)
 S - a wand of polymorph (15/24)
Scrolls
 h - a scroll of noise
 r - 2 scrolls of teleportation
 s - 3 scrolls of fear
 t - 4 scrolls of amnesia
 y - 7 scrolls of remove curse
 M - 2 scrolls of magic mapping
 N - a scroll of identify
Potions
 d - 2 potions of cure mutation
 g - 2 potions of flight
 k - a potion of berserk rage
 l - 7 potions of curing
 m - 2 potions of resistance
 w - 2 potions of invisibility
 z - a potion of agility
 A - 2 potions of might
 B - 4 potions of haste
 K - a potion of degeneration {unknown}
 L - a potion of brilliance
 P - a potion of lignification {unknown}
Miscellaneous
 G - a plain deck of summoning {drawn: 1}
Comestibles
 b - 7 beef jerkies
 f - 12 bread rations
 n - 4 meat rations
 p - 3 royal jellies
 v - 10 slices of pizza
 x - 10 chunks of flesh
 C - 9 fruits


   Skills:
 * Level 9.7 Fighting
 * Level 13.9 Axes
 * Level 11.3 Armour
 * Level 9.6 Dodging
 * Level 15.7 Shields


You had 13 spell levels left.
You didn't know any spells.

Dungeon Overview and Level Annotations

Branches:
Dungeon (15/15)            Temple (1/1) D:7            Lair (0/8) D:9
    Orc (0/2) D:12         Vaults (0/5) D:14         Depths (2/5) D:15

Altars:
Ashenzari
Cheibriados
Dithmenos
Elyvilon
Fedhas
Gozag
Kikubaaqudgha
Nemelex Xobeh
Okawaru
Pakellas
Qazlal
Ru
Trog
Vehumet
Xom
Yredelemnul
Zin
The Shining One
Lugonu

Shops:
D:4 (*(   D:6 [   D:7 [*%   D:10 *   D:11 =?(   Depths:2 !

Portals:
Hell: Depths:1
Abyss: Depths:1


Innate Abilities, Weirdness & Mutations

You are resistant to damage.
You can recharge devices by infusing magical energy.
You resist negative energy.
You passively map the area around you.
You do not regenerate naturally.
You are partially covered in large bone plates (AC +2, SH +2).
You possess an exceptional clarity of mind.
Your mind is acute. (Int +2)
Armour fits poorly on your strangely shaped body.
Your flesh is heat resistant.
You have an increased reservoir of magic (+10% MP).
You are resistant to hostile enchantments.
Your system is resistant to poisons.
You are very weak. (Str -4)


Message History

You block the stone giant's attack. The frost giant barely misses you.
The rakshasa weaves an illusion.
The frost giant shimmers and seems to become two!
The frost giant hits you with a battleaxe of freezing.
* * * LOW HITPOINT WARNING * * *
Drink which item? (? for menu, Esc to quit)
You feel better.
You are engulfed in freezing vapours.
You resist.
* * * LOW HITPOINT WARNING * * *
You block the stone giant's attack.
The frost giant points at you and mumbles some strange words.
The bolt of cold misses you. The frost giant casts a spell at you.
The bolt of cold hits the frost giant.
The frost giant resists.
The bolt of cold hits you! You resist.
* * * LOW HITPOINT WARNING * * *
Evoke which item? (* to show all) (? for menu, Esc to quit)
You draw a card...
It is Water.
The stone giant hits you but does no damage.
The frost giant hits you with a battleaxe of freezing!!
You die...

* ,, ##............ ,
≈ ≈ * ,
.#*#.............. ≈
≈ ,
,...#..............
,, ≈ ,
......[.........≈. ≈
≈ ..≈...........≈≈≈.≈
≈
,,,..≈......<....≈≈≈.
, ,
..≈....)..C...≈≈≈.
..≈......CC≈..≈≈.., ,
,.........C@E...≈.. ,
........R)§)∩..≈.. ,,
, ,
........≈≈§....≈.. ,
≈,,........≈≈§....≈≈.
, , ≈
..............≈≈≈. ,
, ,
..............≈≈≈≈ ,
,, *, ,
............≈≈≈≈≈≈≈ ,
,...........≈≈≈≈≈ ,
,* , ,*,
.≈≈............ ,


You could see 3 frost giants, a stone giant, a rakshasa and a friendly water
elemental.

Vanquished Creatures
  A lich (Depths:1)
  Frances (D:14)
  3 very ugly things (Depths:1)
  The ghost of Turgon the Spear-Bearer, a journeyman DsCK of Xom (Depths:1)
  A vampire knight (Depths:1)
  3 stone giants (Depths:1)
  2 ettins
  A fire dragon (D:15)
  A great orb of eyes (Depths:2)
  3 ogre magi
  A rakshasa (Depths:1)
  3 hydras
  3 ice dragons
  A centaur warrior (Depths:1)
  2 dancing weapons (D:14)
  A death yak (D:9)
  A vampire mage (Depths:1)
  A tengu warrior (Depths:1)
  A wizard (Depths:2)
  6 hill giants
  An unseen horror (shapeshifter) (D:15)
  2 unseen horrors
  A wolf spider (D:14)
  9 ugly things
  2 orc knights (Bailey)
  2 griffons (D:15)
  A cyclops (D:8)
  A centaur zombie (D:13)
  Maurice (D:8)
  A rime drake (shapeshifter) (D:6)
  A spiny frog (D:9)
  An efreet (D:15)
  A yaktaur (shapeshifter) (D:14)
  A kobold demonologist (D:13)
  Grinder (D:4)
  The ghost of jerryfan the Unlucky Draconian, an amateur DrAr of Nemelex Xobeh (D:4)
  A wind drake (shapeshifter) (Depths:1)
  5 two-headed ogres
  A blink frog (D:9)
  Prince Ribbit (D:5)
  A vampire (D:6)
  Eustachio (D:5)
  3 water elementals (Depths:2)
  A basilisk (D:14)
  A wraith (D:14)
  A human (D:7)
  7 hippogriffs
  19 yaks
  8 vampire mosquitoes (D:14)
  2 hungry ghosts
  Menkaure (D:7)
  Edmund (D:5)
  A water moccasin (D:9)
  10 orc warriors
  2 phantoms
  A wasp (D:10)
  6 ice beasts
  The ghost of Lovchig the Shield-Bearer, an amateur DDFi of the Shining One (D:3)
  2 eyes of draining
  2 necrophages
  3 sky beasts
  16 ogres
  3 boggarts (D:15)
  11 centaurs
  5 big kobolds
  Blork the orc (D:5)
  8 giant frogs
  A gnoll sergeant (D:9)
  5 scorpions
  9 killer bees
  5 wights (D:7)
  13 howler monkeys
  9 crimson imps
  4 quasits
  2 giant frog zombies
  2 giant frog skeletons
  3 hounds
  3 jellies
  2 centaur skeletons
  9 orc priests
  13 orc wizards
  An iguana (D:10)
  12 worker ants
  A small abomination (Abyss:3)
  4 sheep
  2 hound skeletons
  5 worker ant zombies
  6 gnolls
  13 adders
  11 shadow imps
  An ooze (D:1)
  An adder zombie (D:9)
  3 worms (D:2)
  10 giant geckos
  60 orcs
  8 bats
  7 giant cockroaches
  14 goblins
  2 hobgoblins
  11 jackals
  26 kobolds
  6 quokkas
  2 ball pythons
  5 giant newts
  A jackal skeleton (D:7)
  A quokka skeleton (D:7)
  4 rats (D:1)
487 creatures vanquished.

Vanquished Creatures (others)
  3 bushes (D:12)
  15 fungi (Depths:1)
18 creatures vanquished.

Grand Total: 505 creatures vanquished

Notes
Turn   | Place    | Note
--------------------------------------------------------------
     0 | D:1      | Lovchig the Deep Dwarf Fighter began the quest for the Orb.
     0 | D:1      | Reached XP level 1. HP: 20/20 MP: 1/1
    76 | D:1      | Reached XP level 2. HP: 27/27 MP: 2/2
   298 | D:1      | Reached XP level 3. HP: 25/33 MP: 3/3
  1176 | D:2      | Found an opulent altar of Gozag.
  1348 | D:2      | Reached skill level 1 in Dodging
  1389 | D:2      | Reached XP level 4. HP: 17/42 MP: 4/4
  1570 | D:3      | Found a white marble altar of Elyvilon.
  1618 | D:3      | Noticed Lovchig's ghost (amateur DDFi)
  1627 | D:3      | Killed Lovchig's ghost
  1627 | D:3      | Reached skill level 4 in Shields
  1627 | D:3      | Reached XP level 5. HP: 36/49 MP: 5/5
  1909 | D:3      | Found a basalt altar of Yredelemnul.
  2137 | D:4      | Noticed an ogre
  2143 | D:4      | Killed an ogre
  2143 | D:4      | Reached XP level 6. HP: 34/56 MP: 6/6
  2239 | D:4      | Found Tinoamyt's General Store.
  2242 | D:4      | Noticed Grinder
  2272 | D:4      | Killed Grinder
  2272 | D:4      | Reached skill level 5 in Armour
  2272 | D:4      | Reached skill level 5 in Shields
  2272 | D:4      | Reached XP level 7. HP: 6/63 MP: 7/7
  2417 | D:4      | Found Lumaat's Weapon Shoppe.
  2456 | D:4      | Noticed jerryfan's ghost (amateur DrAr)
  2502 | D:4      | Killed jerryfan's ghost
  2502 | D:4      | Reached skill level 5 in Axes
  2530 | D:4      | Reached skill level 6 in Shields
  2658 | D:4      | Found Nikor's Antique Weapon Emporium.
  2666 | D:4      | Bought a scroll of enchant armour for 105 gold pieces
  2692 | D:4      | Reached XP level 8. HP: 26/72 MP: 6/6
  2781 | D:5      | Entered Level 5 of the Dungeon
  2859 | D:5      | Got a bound jade ring
  2860 | D:5      | Identified the ring "Hoozism" {rElec rF- rN+++ MP+9 Stlth+} (You found it on level 5 of the Dungeon)
  2870 | D:5      | Noticed Blork the orc
  2886 | D:5      | Killed Blork the orc
  2934 | D:5      | Reached skill level 7 in Shields
  3114 | D:5      | Noticed Eustachio
  3124 | D:5      | Cast into level 2 of the Abyss (Eustachio)
  3221 | Abyss:3  | Found a corrupted altar of Lugonu.
  3245 | Abyss:3  | Noticed a green death
  3312 | Abyss:3  | Found a corrupted altar of Lugonu.
  3362 | Abyss:3  | Noticed a great orb of eyes
  3375 | Abyss:3  | Noticed an ancient zyme
  3375 | Abyss:3  | Noticed a raiju
  3390 | Abyss:3  | Noticed a raiju
  3392 | Abyss:3  | Noticed a raiju
  3393 | Abyss:3  | Noticed a smoke demon
  3416 | Abyss:3  | Noticed a raiju
  3429 | Abyss:3  | Noticed a spatial maelstrom
  3436 | Abyss:3  | Noticed a sixfirhy
  3442 | Abyss:3  | Noticed a balrug
  3483 | Abyss:3  | Noticed a Hell Sentinel
  3492 | D:5      | Escaped the Abyss
  3788 | D:5      | Noticed Edmund
  3824 | D:5      | Killed Edmund
  4091 | D:5      | Noticed Prince Ribbit
  4141 | D:5      | Killed Prince Ribbit
  4141 | D:5      | Gained mutation: You passively map the area around you. [Deep Dwarf growth]
  4141 | D:5      | Reached XP level 9. HP: 52/79 MP: 5/5
  4430 | D:5      | Killed Eustachio
  4430 | D:5      | Reached skill level 8 in Shields
  4488 | D:6      | Found a glowing silver altar of Zin.
  4545 | D:6      | Found a basalt altar of Yredelemnul.
  4556 | D:6      | Found a glowing golden altar of the Shining One.
  4558 | D:6      | Noticed an angel
  4563 | D:6      | Became a worshipper of the Shining One
  4587 | D:6      | Found Fikk's Armour Shop.
  4633 | D:6      | Gained mutation: You are clumsy. (Dex -2) [potion of mutation]
  4633 | D:6      | Gained mutation: You possess an exceptional clarity of mind. [potion of mutation]
  4633 | D:6      | Gained mutation: You have a pair of small horns on your head. [potion of mutation]
  4683 | D:6      | Reached skill level 5 in Fighting
  4931 | D:7      | Found Roufots's Armour Shop.
  4935 | D:7      | Bought the cursed +0 large shield of the Armoured One {rC- Str+2 Dex+3} for 168 gold pieces
  4954 | D:7      | Found a stormy altar of Qazlal.
  5025 | D:7      | Found a shadowy altar of Dithmenos.
  5047 | D:7      | Noticed Menkaure
  5048 | D:7      | Found a staircase to the Ecumenical Temple.
  5058 | D:7      | Killed Menkaure
  5080 | Temple   | Entered the Ecumenical Temple
  5180 | D:7      | Found a sparkling altar of Nemelex Xobeh.
  5186 | D:7      | Found a shattered altar of Ashenzari.
  5216 | D:7      | Reached skill level 9 in Shields
  5221 | D:7      | Reached skill level 5 in Dodging
  5276 | D:7      | Found Nasaadug's Food Emporium.
  5297 | D:7      | Reached * piety under the Shining One
  5489 | D:7      | Found Xoiskun's General Store.
  5494 | D:7      | Bought a scroll of identify for 30 gold pieces
  5509 | D:7      | Found an oddly glowing altar of Pakellas.
  5511 | D:7      | Found a radiant altar of Vehumet.
  5519 | D:7      | Found an iron altar of Okawaru.
  5780 | D:6      | Reached XP level 10. HP: 58/91 MP: 3/3
  5858 | D:6      | Gained mutation: Your system is resistant to poisons. [mutagenic meat]
  5859 | D:6      | Gained mutation: Your mind is acute. (Int +2) [mutagenic meat]
  5865 | D:6      | Noticed a hill giant
  5878 | D:6      | Killed a hill giant
  6088 | D:8      | Reached skill level 10 in Shields
  6158 | D:8      | Reached ** piety under the Shining One
  6326 | D:8      | Noticed Maurice
  6338 | D:8      | Killed Maurice
  6501 | D:8      | Found a large runed door.
  6516 | D:8      | Found a large runed door.
  6833 | D:8      | Noticed a cyclops
  6833 | D:8      | Noticed an eight-headed hydra
  6845 | D:8      | Found an ancient bone altar of Kikubaaqudgha.
  6864 | D:8      | Killed a cyclops
  6868 | D:8      | Found a sacrificial altar of Ru.
  7034 | D:9      | Found a staircase to the Lair.
  7036 | D:9      | Reached *** piety under the Shining One
  7036 | D:9      | Noticed a spiny frog
  7048 | D:9      | Killed a spiny frog
  7059 | D:9      | Noticed a death yak
  7084 | D:9      | Killed a death yak
  7084 | D:9      | Reached skill level 11 in Shields
  7084 | D:9      | Reached XP level 11. HP: 56/99 MP: 1/1
  7473 | D:10     | Entered Level 10 of the Dungeon
  7536 | D:10     | Got a crude long sword
  7537 | D:10     | Identified the +11 long sword of Jojaotaze {freeze, Int+4} (You found it on level 10 of the Dungeon)
  7625 | D:10     | Found a shattered altar of Ashenzari.
  7820 | D:10     | Found Mawiegala's Assorted Antiques.
  7833 | D:10     | Bought a clouded steel amulet for 105 gold pieces
  7833 | D:10     | Identified the amulet "Eshuesir" {Gourm Stlth+} (You bought it in a shop on level 10 of the Dungeon)
  7869 | D:10     | Noticed a hill giant
  7901 | D:10     | Killed a hill giant
  7901 | D:10     | Reached skill level 10 in Axes
  8055 | D:11     | Reached **** piety under the Shining One
  8138 | D:11     | Found Plog's Jewellery Shop.
  8345 | D:11     | Noticed a six-headed hydra
  8389 | D:11     | Killed a six-headed hydra
  8423 | D:11     | Found a gateway to a bazaar.
  8489 | D:11     | Found Soizut's Weapon Emporium.
  8746 | D:11     | Found Kuogom's Magic Scroll Boutique.
  8995 | D:11     | Noticed a hill giant
  9025 | Bazaar   | Entered a bazaar
  9025 | Bazaar   | Found Ugohevia's Armour Shoppe.
  9030 | Bazaar   | Found Ihiol's Distillery.
  9033 | Bazaar   | Found Dirraef's Jewellery Boutique.
  9036 | Bazaar   | Found Beezec's Assorted Antiques.
  9072 | Bazaar   | Bought the +4 chain mail of Ru's Regard {Str+4} for 279 gold pieces
  9107 | D:12     | Noticed a six-headed hydra
  9124 | D:12     | Found a flagged portal.
  9127 | D:12     | Noticed a hill giant
  9133 | D:12     | Reached skill level 12 in Shields
  9138 | D:12     | Killed a hill giant
  9202 | Bailey   | Entered a bailey
  9212 | Bailey   | Noticed an orc knight
  9212 | Bailey   | Noticed an orc knight
  9226 | Bailey   | Killed an orc knight
  9227 | Bailey   | Killed an orc knight
  9260 | Bailey   | Noticed an orc knight
  9468 | D:12     | Noticed a hill giant
  9473 | D:12     | Killed a hill giant
  9729 | D:12     | Reached XP level 12. HP: 49/109 MP: 1/1
  9835 | D:12     | Found a staircase to the Orcish Mines.
 10463 | D:13     | Reached skill level 13 in Shields
 10549 | D:13     | Reached ***** piety under the Shining One
 11092 | D:14     | Reached skill level 10 in Armour
 11287 | D:14     | Found a gate to the Vaults.
 11630 | D:14     | Gained mutation: You have supernaturally acute eyesight. [mutagenic meat]
 11631 | D:14     | Gained mutation: Your spells are a little harder to cast, but a little more powerful. [mutagenic meat]
 11632 | D:14     | Lost mutation: Your mind is acute. (Int +2) [mutagenic meat]
 11633 | D:14     | Noticed Frances
 11652 | D:14     | Killed Frances
 11759 | D:14     | Found a blossoming altar of Fedhas.
 11924 | D:15     | Entered Level 15 of the Dungeon
 11957 | D:15     | Reached XP level 13. HP: 84/118 MP: 1/1
 11973 | D:15     | Gained mutation: You are weak. (Str -2) [mutagenic meat]
 11976 | D:15     | Lost mutation: You are clumsy. (Dex -2) [mutagenic meat]
 11977 | D:15     | Gained mutation: You have an increased reservoir of magic (+10% MP). [mutagenic meat]
 11978 | D:15     | Lost mutation: You have a pair of small horns on your head. [mutagenic meat]
 12010 | D:15     | Found a sparkling altar of Nemelex Xobeh.
 12094 | D:15     | Reached skill level 14 in Shields
 12182 | D:15     | Noticed a fire dragon
 12201 | D:15     | Killed a fire dragon
 12236 | D:15     | Found a staircase to the Depths.
 12550 | D:15     | Got a pair of fine boots
 12561 | D:15     | Identified the +2 pair of boots of Qeforrex {rC++ MR+ Str-5 Stlth+} (You found it on level 15 of the Dungeon)
 12776 | D:15     | Got a twisted trident
 12864 | Depths:1 | Entered Level 1 of the Depths
 12910 | Depths:1 | Noticed Turgon's ghost (journeyman DsCK)
 12973 | Depths:1 | Killed Turgon's ghost
 13039 | Depths:1 | Noticed a lich
 13040 | Depths:1 | Noticed a stone giant
 13051 | Depths:1 | Killed a lich
 13070 | Depths:1 | Killed a stone giant
 13095 | Depths:1 | Reached skill level 15 in Shields
 13184 | Depths:1 | Noticed a stone giant
 13202 | Depths:1 | Killed a stone giant
 13229 | Depths:1 | Noticed a stone giant
 13251 | Depths:1 | Gained mutation: You resist negative energy. [Deep Dwarf growth]
 13251 | Depths:1 | Reached XP level 14. HP: 74/129 MP: 1/1
 13252 | Depths:1 | Killed a stone giant
 13292 | Depths:1 | Found a one-way gate to the infinite horrors of the Abyss.
 13319 | Depths:1 | Noticed a vampire knight
 13331 | Depths:1 | Killed a vampire knight
 13345 | Depths:1 | Found a gateway to Hell.
 13499 | Depths:1 | Noticed a brown very ugly thing
 13499 | Depths:1 | Noticed a brown very ugly thing
 13501 | Depths:1 | Noticed a brown very ugly thing
 13509 | Depths:1 | Killed a brown very ugly thing
 13520 | Depths:1 | Killed a brown very ugly thing
 13521 | Depths:1 | Killed a white very ugly thing
 13543 | Depths:1 | Gained mutation: Armour fits poorly on your strangely shaped body. [mutagenic meat]
 13544 | Depths:1 | Gained mutation: You are very weak. (Str -4) [mutagenic meat]
 13545 | Depths:1 | Gained mutation: You are resistant to hostile enchantments. [mutagenic meat]
 13547 | Depths:1 | Lost mutation: You have supernaturally acute eyesight. [mutagenic meat]
 13549 | Depths:1 | Lost mutation: Your spells are a little harder to cast, but a little more powerful. [mutagenic meat]
 13550 | Depths:1 | Gained mutation: Your flesh is heat resistant. [mutagenic meat]
 13551 | Depths:1 | Gained mutation: You are partially covered in large bone plates (AC +2, SH +2). [mutagenic meat]
 13553 | Depths:1 | Gained mutation: Your mind is acute. (Int +2) [mutagenic meat]
 13586 | Depths:2 | Found Emaaguem's Distillery.
 13624 | Depths:2 | Reached ****** piety under the Shining One
 13647 | Depths:2 | Noticed a frost giant
 13648 | Depths:2 | Noticed a stone giant
 13661 | Depths:2 | Demolished by a frost giant (illusionary)

Skill      XL: |  1  2  3  4  5  6  7  8  9 10 11 12 13 |
---------------+----------------------------------------+-----
Armour         | 4 5 6 7 8 9 10 11 | 11.3
Fighting       | 3 4 5 6 7 8 9 |  9.7
Dodging        | 1 2 3 4 5 6 7 8 9 |  9.6
Axes           | 3 4 5 6 7 9 10 12 13 | 13.9
Shields        | 4 5 6 7 9 11 12 13 15 | 15.7

Action                   |  1- 3 |  4- 6 |  7- 9 | 10-12 | 13-15 || total
-------------------------+-------+-------+-------+-------+-------++-------
Melee: War axe           |   153 |    82 |   487 |   736 |   335 ||  1793
       Headbutt          |       |       |    37 |   213 |     3 ||   253
       Scimitar          |       |       |       |       |    10 ||    10
 Abil: Device Recharging |       |       |     7 |     5 |     3 ||    15
Evoke: Wand              |       |     3 |    22 |    45 |    26 ||    96
       Deck              |       |       |       |       |     1 ||     1
  Use: Scroll            |     7 |     2 |    13 |    18 |     4 ||    44
       Potion            |       |     1 |     2 |       |     7 ||    10
  Eat: Chunk             |     2 |     3 |    12 |    41 |    24 ||    82
Armor: Scale mail        |    56 |       |       |       |       ||    56
       Chain mail        |    24 |    27 |   208 |   201 |       ||   460
       Plate armour      |       |       |       |    91 |   159 ||   250
Dodge: Dodged            |    49 |    19 |   148 |   332 |   164 ||   712
Block: Shield            |   102 |    56 |   361 |       |       ||   519
       Large shield      |       |       |    55 |   940 |   428 ||  1423
